 Dungeon Crawl Stone Soup version 0.20.0-10-g0535bb4 (webtiles) character file.

933 Fv001 the Cleaver (level 7, -8/64 HPs)
             Began as a Minotaur Berserker on June 6, 2017.
             Was a Priest of Trog.
             Killed from afar by an electric eel (11 damage)
             ... with a bolt of electricity
             ... on level 6 of the Dungeon.
             The game lasted 00:09:24 (3809 turns).

Fv001 the Cleaver (Minotaur Berserker)              Turns: 3809, Time: 00:09:26

Health: -8/64      AC: 10    Str: 21    XL:     7   Next: 86%
Magic:  6/6        EV:  9    Int:  5    God:    Trog [***...]
Gold:   284        SH:  0    Dex: 11    Spells: 6/6 levels left

rFire    . . .     SeeInvis +   a - +0 war axe
rCold    . . .     Gourm    .   (no shield)
rNeg     . . .     Faith    +   n - +0 chain mail
rPois    +         Spirit   .   (helmet restricted)
rElec    .         Reflect  .   (no cloak)
rCorr    .         Harm     .   j - +0 pair of gloves
MR       ++...                  (no boots)
Stlth    ..........             C - amulet of faith
Regen    1.2/turn               l - ring of poison resistance
MPRegen  0.1/turn               w - ring of see invisible

@: regenerating
A: retaliatory headbutt, horns 2
a: Berserk, Trog's Hand, Burn Spellbooks, Renounce Religion


You were on level 6 of the Dungeon.
You worshipped Trog.
Trog was most pleased with you.
You were hungry.

You visited 1 branch of the dungeon, and saw 6 of its levels.

You collected 284 gold pieces.

Inventory:

Hand Weapons
 a - a +0 war axe (weapon)
 b - a cursed +0 morningstar
Armour
 j - a +0 pair of gloves (worn)
 n - a +0 chain mail (worn)
Jewellery
 h - an uncursed ring of stealth
 l - a ring of poison resistance (left hand)
 o - an uncursed ring of fire
 w - a ring of see invisible (right hand)
 C - an amulet of faith (around neck)
Scrolls
 d - a scroll of enchant armour {unknown}
 e - 2 scrolls of recharging
 i - 5 scrolls of teleportation
 v - a scroll of remove curse
 y - a scroll of noise {unknown}
 A - a scroll of fear {unknown}
Potions
 f - 2 potions of might
 g - a potion of invisibility
 k - 6 potions of curing
 q - a potion of degeneration {unknown}
 r - 3 potions of brilliance
 t - a potion of agility {unknown}
 u - a potion of berserk rage {unknown}
 x - 2 potions of flight
 z - a potion of lignification {unknown}
Comestibles
 c - 5 bread rations
 m - 4 meat rations
 p - 4 fruits
 s - 3 royal jellies


   Skills:
 + Level 6.4 Fighting
 + Level 8.7 Axes
 + Level 4.7 Armour
 + Level 3.1 Dodging
 + Level 0.6 Stealth


You had 6 spell levels left.
You didn't know any spells.

Dungeon Overview and Level Annotations

Branches:
Dungeon (6/15)
 Temple: D:4-7

Altars:
Kikubaaqudgha
Sif Muna


Innate Abilities, Weirdness & Mutations

You reflexively headbutt those who attack you in melee.
You have a pair of horns on your head.


Message History

The bolt of electricity hits you! x2
The bolt of electricity hits the electric eel.
The electric eel completely resists.
You slash the electric eel!
The electric eel is severely wounded.
The electric eel shoots out a bolt of lightning at you!
The bolt of electricity hits you!
* * * LOW HITPOINT WARNING * * *
The bolt of electricity hits you!
* * * LOW HITPOINT WARNING * * *
The bolt of electricity hits the electric eel.
The electric eel completely resists.
Your skin crawls.
You feel resistant to hostile enchantments.
You are feeling hungry.
The electric eel shoots out a bolt of lightning at you!
The bolt of electricity hits you!
* * * LOW HITPOINT WARNING * * *
The bolt of electricity hits you!
You die...

#########
#.......#
#........#
######..≈≈≈....
#.......≈#≈≈≈≈.
#..@≈≈≈≈#≈≈
#..≈;≈#≈≈≈≈# ..
#..≈#≈≈≈≈#≈≈ #..
#..≈≈≈≈#≈≈≈≈
....###.≈≈≈#≈≈≈≈#≈
........≈#≈≈≈≈#≈≈≈
.....#..≈≈≈≈#≈≈≈≈.
#... #.....≈≈≈≈#≈.
.........#....≈≈≈.


You could see an electric eel.

Vanquished Creatures
  A phantom (D:5)
  A sky beast (D:3)
  2 ice beasts (D:5)
  A water moccasin skeleton (D:4)
  A howler monkey (D:5)
  An orc priest (D:3)
  A hound (D:5)
  A jelly (D:4)
  A centaur skeleton (D:4)
  Jessica (D:2)
  3 worker ants
  An orc wizard (D:4)
  A worker ant zombie (D:5)
  12 adders
  4 oozes
  An adder skeleton (D:5)
  3 worms (D:3)
  A dart slug (D:2)
  2 leopard geckos (D:1)
  24 orcs
  5 giant cockroaches
  3 goblins
  2 hobgoblins (D:3)
  3 jackals (D:2)
  2 quokkas
  7 bats
  2 frilled lizards
  9 kobolds
  A leopard gecko skeleton (D:4)
  5 rats
102 creatures vanquished.

Notes
Turn   | Place    | Note
-------+----------+-------------------------------------------
     0 | D:1      | Fv001 the Minotaur Berserker began the quest for the Orb.
     0 | D:1      | Reached XP level 1. HP: 19/19 MP: 0/0
   221 | D:1      | Reached XP level 2. HP: 27/27 MP: 1/1
   819 | D:2      | Reached skill level 4 in Axes
   872 | D:2      | Reached XP level 3. HP: 31/34 MP: 2/2
  1161 | D:2      | Noticed Jessica
  1165 | D:2      | Killed Jessica
  1165 | D:2      | Reached ** piety under Trog
  1165 | D:2      | Reached XP level 4. HP: 41/41 MP: 3/3
  1449 | D:2      | Reached skill level 5 in Fighting
  1579 | D:3      | Noticed a sky beast
  1588 | D:3      | Killed a sky beast
  1588 | D:3      | Reached skill level 5 in Axes
  1588 | D:3      | Reached XP level 5. HP: 48/48 MP: 4/4
  1754 | D:3      | Found a deep blue altar of Sif Muna.
  1827 | D:3      | Reached XP level 6. HP: 42/56 MP: 5/5
  1889 | D:3      | Reached skill level 6 in Axes
  2633 | D:4      | Reached *** piety under Trog
  2816 | D:4      | Reached skill level 7 in Axes
  2841 | D:4      | Reached XP level 7. HP: 33/63 MP: 6/6
  3134 | D:4      | Found an ancient bone altar of Kikubaaqudgha.
  3225 | D:5      | Entered Level 5 of the Dungeon
  3453 | D:5      | Reached skill level 8 in Axes
  3809 | D:6      | HP: 3/64 [electric eel/bolt of electricity (9)]
  3809 | D:6      | Killed from afar by an electric eel

Skill      XL: |  1  2  3  4  5  6  7 |
---------------+----------------------+-----
Fighting       | 4 5 6 |  6.4
Axes           | 4 5 7 8 |  8.7
Armour         | 3 4 |  4.7
Dodging        | 3 |  3.1
Stealth        | |  0.6

Action                   |  1- 3 |  4- 6 |  7- 9 || total
-------------------------+-------+-------+-------++-------
Melee: Hand axe          |    58 |    29 |       ||    87
       Headbutt          |    10 |    22 |    13 ||    45
       War axe           |       |   108 |    59 ||   167
Invok: Berserk           |       |     2 |       ||     2
       Trog's Hand       |       |       |     1 ||     1
  Use: Scroll            |       |     8 |     2 ||    10
  Eat: Chunk             |     1 |     7 |     3 ||    11
Armor: Chain mail        |    33 |    79 |    28 ||   140
       Animal skin       |     4 |       |       ||     4
Dodge: Dodged            |    30 |    65 |    19 ||   114
